 Dungeon Crawl Stone Soup version 0.29.0-5-ge4962eb29e (webtiles) character file.

Game seed: 7714868309081445372

5939 themarg the Fighter (level 10, -2/84 (86) HPs)
             Began as a Gnoll Wanderer on Aug 29, 2022.
             Was an Initiate of Ru.
             Shot with a bolt by an orc warrior (11 damage)
             ... on level 9 of the Dungeon.
             The game lasted 00:51:33 (13407 turns).

themarg the Fighter (Gnoll Wanderer)               Turns: 13407, Time: 00:51:33

HP:   -2/84 (86)    AC: 15    Str: 11      XL:     10   Next: 83%
MP:   21/21         EV: 13    Int:  9 (12) God:    Ru [......]
Gold: 296           SH:  0    Dex: 19      Spells: 24/24 levels left

rFire   . . .      SeeInvis .   a - +2 spear (vorpal)
rCold   . . .      Faith    .   (no shield)
rNeg    . . .      Spirit   .   B - +1 ring mail of the Blacksmith {Rampage +Blink +Inv Will+}
rPois   .          Reflect  .   z - +0 helmet
rElec   .          Harm     .   (no cloak)
rCorr   +          Rampage  +   I - +0 pair of gloves
Will    +....                   L - +0 pair of boots "Joikiz Hoa" {Rampage rCorr Str-3 Slay+2}
Stlth   +++.......              (no amulet)
HPRegen 0.24/turn               e - +6 ring of dexterity
MPRegen 0.17/turn               v - +4 ring of protection

@: lightly drained
A: fangs 1, strong nose, distributed training
a: Renounce Religion, Evoke Blink, Evoke Invisibility


You were on level 9 of the Dungeon.
You worshipped Ru.
Ru was noncommittal.
You visited 2 branches of the dungeon, and saw 10 of its levels.

You collected 368 gold pieces.
You spent 72 gold pieces at shops.

Inventory:

Hand Weapons
 a - a +2 vorpal spear (weapon)
 b - a +3 sling
 y - a +2 spectral club
 F - a +3 flail of venom
 K - a +3 hand axe of flaming
Missiles
 l - 4 javelins
 m - 31 poisoned darts
Armour
 k - a +0 pair of boots
 z - a +0 helmet (worn)
 B - the +1 ring mail of the Blacksmith (worn) {Rampage +Blink +Inv Will+}
   (You found it on level 4 of the Dungeon)

   +Inv:      It lets you turn invisible.
   +Blink:    It lets you blink.
   Rampage:   It bestows one free step when moving towards enemies.
   Will:      It increases your willpower.
 I - a +0 pair of gloves (worn)
 L - the +0 pair of boots "Joikiz Hoa" (worn) {Rampage rCorr Str-3 Slay+2}
   (You found it on level 8 of the Dungeon)

   Str:       It affects your strength (-3).
   Slay:      It affects your accuracy & damage with ranged weapons and melee
   (+2).
   rCorr:     It protects you from acid and corrosion.
   Rampage:   It bestows one free step when moving towards enemies.
Jewellery
 e - a +6 ring of dexterity (left hand)
 g - a ring of willpower
 r - a ring of see invisible
 v - a +4 ring of protection (right hand)
Wands
 i - a wand of mindburst (11)
 t - a wand of light (4)
 G - a wand of flame (8)
 H - a wand of iceblast (4)
 M - a wand of digging (7)
Scrolls
 f - 2 scrolls of enchant weapon
 h - a scroll of noise
 j - a scroll of amnesia
 n - a scroll of enchant armour {unknown}
 o - 2 scrolls of fear
 p - a scroll of magic mapping
 q - 4 scrolls of immolation
 s - 2 scrolls of identify
 u - a scroll of summoning
 C - 3 scrolls of teleportation
 D - a scroll of blinking
 J - a scroll of acquirement {unknown}
Potions
 c - a potion of ambrosia {unknown}
 d - 4 potions of curing
 w - a potion of degeneration
 x - a potion of heal wounds
 A - 2 potions of mutation
 E - 5 potions of flight {unknown}


   Skills:
 + Level 10.4 Fighting
 + Level 5.8 Short Blades
 + Level 5.8 Long Blades
 + Level 5.8 Axes
 + Level 5.8 Maces & Flails
 + Level 5.8 Polearms
 + Level 5.8 Staves
 + Level 5.8 Ranged Weapons
 + Level 5.8 Throwing
 + Level 5.8 Armour
 + Level 5.8 Dodging
 + Level 5.8 Stealth
 + Level 5.8 Shields
 + Level 5.8 Unarmed Combat
 + Level 7.8 Spellcasting
 + Level 4.8 Conjurations
 + Level 4.8 Hexes
 + Level 4.8 Summonings
 + Level 4.8 Necromancy
 + Level 4.8 Translocations
 + Level 4.8 Transmutations
 + Level 4.8 Fire Magic
 + Level 8.7 Ice Magic
 + Level 4.8 Air Magic
 + Level 4.8 Earth Magic
 + Level 4.8 Poison Magic
 + Level 6.4 Invocations
 + Level 5.8 Evocations


You had 24 spell levels left.
You didn't know any spells.
Your spell library contained the following spells:

 Spells                   Type           Power      Damage    Failure   Level
 Freeze                   Ice            76%        1d9       1%          1
 Ensorcelled Hibernation  Hex/Ice        30%        N/A       3%          2
 Sting                    Tmut/Pois      48%        1d5       5%          1
 Mephitic Cloud           Conj/Pois/Air  12%        N/A       16%         3
 Ice Form                 Ice/Tmut       15%        N/A       24%         4


Dungeon Overview and Level Annotations

Branches:
Dungeon (9/15)             Temple (1/1) D:6             Orc (0/2) D:9
   Lair: D:8-11

Altars:
Ashenzari
Cheibriados
Dithmenos
Fedhas
Gozag
Hepliaklqana
Kikubaaqudgha
Makhleb
Nemelex Xobeh
Okawaru
Qazlal
Ru
Sif Muna
Trog
Uskayaw
Wu Jian
Xom
Yredelemnul

Shops:
D:1 *   D:2 [   D:5 :   D:7 [   D:8 *

Annotations:
D:7 exclusion: deep elf zephyrmancer, Maggie


Innate Abilities, Weirdness & Mutations

You have very sharp teeth.
Your uncanny sense of smell can sniff out nearby items.
Your experience applies equally to all skills.


Message History

The orc warrior hits you from afar with a +0 trident.
The orc warrior completely misses you.
You barely miss the orc warrior.
The orc warrior is lightly wounded.
The orc warrior closely misses you.
You hit the orc warrior. You punch the orc warrior.
You bite the orc warrior, but do no damage.
The orc warrior is heavily wounded.
The orc warrior barely misses you.
The orc warrior hits you from afar with a +0 trident.
* * * LOW HITPOINT WARNING * * *
You hit the orc warrior but do no damage.
You bite the orc warrior, but do no damage.
The orc warrior is heavily wounded.
The orc warrior closely misses you. The orc warrior barely misses you.
You closely miss the orc warrior.
The orc warrior is heavily wounded.
The orc warrior closely misses you.
You hit the orc warrior.
The orc warrior is severely wounded.
The orc warrior hits you but does no damage.
The orc warrior hits you with a +0 scimitar.
* * * LOW HITPOINT WARNING * * *
You hit the orc warrior but do no damage.
The orc warrior is severely wounded.
The orc warrior hits you but does no damage.
The orc warrior hits you with a +0 scimitar.
* * * LOW HITPOINT WARNING * * *
You barely miss the orc warrior.
The orc warrior is severely wounded.
The orc warrior hits you but does no damage.
The orc warrior attacks as you move away!
The orc warrior hits you but does no damage.
The orc warrior unwields a +0 scimitar.
The orc warrior wields a +0 arbalest.
The orc warrior shoots a bolt.
The bolt hits you!
* * * LOW HITPOINT WARNING * * *
The orc warrior shoots a bolt.
The bolt closely misses you.
The orc warrior shoots a bolt.
The bolt misses you.
The orc warrior shoots a bolt.
The bolt hits you!
You die...

####### ##### ###.#...#
#####ooo..#
######.'.#.#.#####...ooooo.#
#......#...#.##.@..###oooo.#
...)########.#..#### oo..#
###)########.#.## o..+
#...8#.....#.#.# ..#
#...)#.....#.'.# ##
#.>..).._..#####
.....#.....# #...8#.....#
################


You could see an orc warrior and 4 orcs.

Vanquished Creatures
  An orange crystal statue (D:8)
  Psyche (D:8)
  Grinder (D:4)
  Prince Ribbit (D:5)
  A shadow (D:9)
  2 steam dragons
  Edmund (D:4)
  2 water moccasins (D:7)
  Duvessa (D:5)
  2 orc warriors
  2 ice beasts
  3 sky beasts
  A black bear (D:5)
  An ogre (D:5)
  A phantom (D:4)
  4 kobold brigands
  Blork the orc (D:5)
  5 bullfrogs
  2 scorpions
  2 necrophages (D:5)
  22 wights
  Dowan (D:5)
  4 hounds
  3 jellies
  8 orc priests
  2 iguanas
  8 orc wizards
  Robin (D:4)
  A gnoll (D:6)
  4 adders
  3 white imps
  An ufetubus (D:3)
  4 worms
  A dart slug (D:1)
  50 orcs
  10 ball pythons
  5 endoplasms
  4 giant cockroaches
  8 goblins
  6 hobgoblins
  16 jackals
  21 kobolds
  A quokka (D:1)
  10 bats
  3 frilled lizards
  5 rats
237 creatures vanquished.

Notes
Turn   | Place    | Note
-------+----------+-------------------------------------------
     0 | D:1      | themarg the Gnoll Wanderer began the quest for the Orb.
     0 | D:1      | themarg set off with the following items: a +0 dagger, a
                  | scroll of teleportation, a +0 robe, a potion of curing; and
                  | the following spells available to memorise: Freeze,
                  | Ensorcelled Hibernation, Sting, Ice Form, Mephitic Cloud.
     0 | D:1      | Reached XP level 1. HP: 26/26 MP: 6/6
   155 | D:1      | Reached XP level 2. HP: 23/33 MP: 7/7
   738 | D:1      | Found Toewo's Assorted Antiques.
  1592 | D:2      | Reached skill level 5 in Spellcasting
  1592 | D:2      | Reached XP level 3. HP: 38/38 MP: 7/9
  1644 | D:2      | Found Uttukhe's Armour Shoppe.
  1774 | D:2      | Reached skill level 1 in Invocations
  2010 | D:2      | Reached skill level 1 in Short Blades
  2010 | D:2      | Reached skill level 1 in Long Blades
  2010 | D:2      | Reached skill level 1 in Axes
  2010 | D:2      | Reached skill level 1 in Maces & Flails
  2010 | D:2      | Reached skill level 1 in Polearms
  2010 | D:2      | Reached skill level 1 in Staves
  2010 | D:2      | Reached skill level 1 in Ranged Weapons
  2010 | D:2      | Reached skill level 1 in Throwing
  2010 | D:2      | Reached skill level 1 in Armour
  2010 | D:2      | Reached skill level 1 in Dodging
  2010 | D:2      | Reached skill level 1 in Stealth
  2010 | D:2      | Reached skill level 1 in Shields
  2010 | D:2      | Reached skill level 1 in Unarmed Combat
  2010 | D:2      | Reached skill level 1 in Evocations
  2342 | D:2      | Reached XP level 4. HP: 45/45 MP: 11/11
  2384 | D:2      | Reached skill level 1 in Conjurations
  2384 | D:2      | Reached skill level 1 in Hexes
  2384 | D:2      | Reached skill level 1 in Summonings
  2384 | D:2      | Reached skill level 1 in Necromancy
  2384 | D:2      | Reached skill level 1 in Translocations
  2384 | D:2      | Reached skill level 1 in Transmutations
  2384 | D:2      | Reached skill level 1 in Fire Magic
  2384 | D:2      | Reached skill level 1 in Air Magic
  2384 | D:2      | Reached skill level 1 in Earth Magic
  2384 | D:2      | Reached skill level 1 in Poison Magic
  2759 | D:3      | Found a blossoming altar of Fedhas.
  2773 | D:3      | Found a basalt altar of Yredelemnul.
  2826 | D:3      | Found a broken altar of Ashenzari.
  3090 | D:3      | Reached XP level 5. HP: 49/51 MP: 12/12
  3128 | D:3      | Found a faded altar of an unknown god.
  3205 | D:3      | Found a sparkling altar of Nemelex Xobeh.
  3364 | D:4      | Noticed Robin
  3379 | D:4      | Killed Robin
  3468 | D:4      | Noticed Edmund
  3526 | D:4      | Identified the +1 ring mail of the Blacksmith {Rampage
                  | +Blink +Inv Will+}
  3898 | D:4      | Noticed a phantom
  3913 | D:4      | Noticed Grinder
  3914 | D:4      | Killed a phantom
  3915 | D:4      | Reached XP level 6. HP: 50/57 MP: 14/14
  3918 | D:4      | Paralysed by Grinder for 3 turns
  3944 | D:4      | Killed Grinder
  3945 | D:4      | Reached XP level 7. HP: 41/63 MP: 15/15
  4608 | D:4      | Killed Edmund
  4609 | D:4      | Reached skill level 9 in Fighting
  5109 | D:5      | Entered Level 5 of the Dungeon
  5177 | D:5      | Reached XP level 8. HP: 60/71 MP: 16/16
  5248 | D:5      | Noticed Blork the orc
  5273 | D:5      | Killed Blork the orc
  5503 | D:5      | Found a hazy altar of Hepliaklqana.
  5553 | D:5      | Found a shadowy altar of Dithmenos.
  5675 | D:5      | Found a shimmering altar of Xom.
  5752 | D:5      | Found a hide-covered altar of Uskayaw.
  5752 | D:5      | Noticed a +0 falchion
  5752 | D:5      | Noticed a +0 short sword
  5753 | D:5      | Noticed a +0 spear
  5753 | D:5      | Noticed a +0 spear
  5753 | D:5      | Noticed a +0 falchion
  5754 | D:5      | Noticed a +0 short sword
  5754 | D:5      | Noticed a +0 dagger
  5755 | D:5      | Noticed a +0 dagger
  5872 | D:5      | Noticed Dowan
  5875 | D:5      | Noticed Duvessa
  6011 | D:5      | Killed Dowan
  6021 | D:5      | Noticed Prince Ribbit
  6036 | D:5      | Killed Prince Ribbit
  6054 | D:5      | Killed Duvessa
  6583 | D:5      | Found Giassari's Book Shoppe.
  6813 | D:6      | Reached XP level 9. HP: 49/77 MP: 18/18
  7316 | D:6      | Found an iron altar of Okawaru.
  7482 | D:6      | Found a snail-covered altar of Cheibriados.
  7804 | D:6      | Found a staircase to the Ecumenical Temple.
  7809 | Temple   | Entered the Ecumenical Temple
  7814 | Temple   | Became a worshipper of Ru the Awakened
  9155 | D:7      | Reached skill level 5 in Invocations
  9422 | D:7      | Found Zotwa's Antique Armour Shop.
  9888 | D:7      | Noticed Maggie
  9897 | D:7      | Noticed a deep elf zephyrmancer
  9969 | D:7      | Reached skill level 5 in Short Blades
  9969 | D:7      | Reached skill level 5 in Long Blades
  9969 | D:7      | Reached skill level 5 in Axes
  9969 | D:7      | Reached skill level 5 in Maces & Flails
  9969 | D:7      | Reached skill level 5 in Polearms
  9969 | D:7      | Reached skill level 5 in Staves
  9969 | D:7      | Reached skill level 5 in Ranged Weapons
  9969 | D:7      | Reached skill level 5 in Throwing
  9969 | D:7      | Reached skill level 5 in Armour
  9969 | D:7      | Reached skill level 5 in Dodging
  9969 | D:7      | Reached skill level 5 in Stealth
  9969 | D:7      | Reached skill level 5 in Shields
  9969 | D:7      | Reached skill level 5 in Unarmed Combat
  9969 | D:7      | Reached skill level 5 in Evocations
  9969 | D:7      | Reached XP level 10. HP: 48/85 MP: 20/20
 10411 | D:8      | Reached skill level 10 in Fighting
 10824 | D:8      | Noticed an orange crystal statue
 10849 | D:8      | Found Zaorof's Elemental Accessories.
 10857 | D:8      | Bought a wand of flame (8) for 72 gold pieces
 10863 | D:8      | Noticed Psyche
 10877 | D:8      | Killed Psyche
 12133 | D:8      | Identified the +0 pair of boots "Joikiz Hoa" {Rampage rCorr
                  | Str-3 Slay+2}
 12193 | D:8      | Killed an orange crystal statue
 12637 | D:9      | HP: 2/85 [something (10)]
 13107 | D:9      | Found a staircase to the Orcish Mines.
 13407 | D:9      | Shot with a bolt by an orc warrior

Illustrated notes

Levels and vault maps discovered:
D:1:      tarquinn_simple_flora_water_e, layout_loops_cross, serial_shops,
          nicolae_shop_advertising_works [nicolae_subvault_shop_adworks]
D:2:      layout_loops_ring, serial_shops, nicolae_shop_waterfront
D:3:      layout_loops_ring, overflow_temple_1_default,
          nemelex_xobeh_ov_fountains_minmay,
          mainiacjoe_overflow_large_starburst, hellmonk_ecumenical_altar_run_dry
D:4:      layout_basic, minmay_ruptured, uniq_robin, uniq_edmund, uniq_grinder
D:5:      layout_basic, lemuel_round_altar, mainiacjoe_overflow_chevrons,
          nicolae_uskayaw_en_pointe, nicolae_overflow_crystal_walls,
          serial_shops, nicolae_shop_hallway_plus, uniq_blork_the_orc,
          uniq_duvessa, uniq_prince_ribbit1
D:6:      layout_basic, slow_altar_2, okawaru_gym_becter, temple_doors_e,
          minmay_misc_feat_nine_boxes, minmay_pentangle
D:7:      layout_cave_pools, serial_shops, nicolae_shop_stone, nrook_campfire,
          guppyfry_early_elven_hall, uniq_maggie
D:8:      minmay_statue_hallways, layout_loops_ring, nicolae_elemental_shop,
          uniq_psyche
D:9:      layout_roguey [special_room_orc], minmay_orc_entry_temple_small
Temple:   hellmonk_temple_micro_hex

Skill      XL: |  1  2  3  4  5  6  7  8  9 10 |
---------------+-------------------------------+-----
Spellcasting   | 5 6 7 |  7.8
Invocations    | 1 2 3 4 5 6 |  6.4
Short Blades   | 1 2 3 4 5 |  5.8
Long Blades    | 1 2 3 4 5 |  5.8
Axes           | 1 2 3 4 5 |  5.8
Maces & Flails | 1 2 3 4 5 |  5.8
Polearms       | 1 2 3 4 5 |  5.8
Staves         | 1 2 3 4 5 |  5.8
Ranged Weapons | 1 2 3 4 5 |  5.8
Throwing       | 1 2 3 4 5 |  5.8
Armour         | 1 2 3 4 5 |  5.8
Dodging        | 1 2 3 4 5 |  5.8
Stealth        | 1 2 3 4 5 |  5.8
Shields        | 1 2 3 4 5 |  5.8
Unarmed Combat | 1 2 3 4 5 |  5.8
Evocations     | 1 2 3 4 5 |  5.8
Conjurations   | 1 2 3 4 |  4.8
Hexes          | 1 2 3 4 |  4.8
Summonings     | 1 2 3 4 |  4.8
Necromancy     | 1 2 3 4 |  4.8
Translocations | 1 2 3 4 |  4.8
Transmutations | 1 2 3 4 |  4.8
Fire Magic     | 1 2 3 4 |  4.8
Air Magic      | 1 2 3 4 |  4.8
Earth Magic    | 1 2 3 4 |  4.8
Poison Magic   | 1 2 3 4 |  4.8
Fighting       | 9 10 | 10.4
Ice Magic      | 8 |  8.7

Action                   |  1- 3 |  4- 6 |  7- 9 | 10-12 || total
-------------------------+-------+-------+-------+-------++-------
Melee: Dagger            |   128 |       |       |       ||   128
       Bite              |    17 |     7 |    50 |    74 ||   148
       Spear             |     7 |   109 |   510 |   411 ||  1037
       Punch             |       |     2 |    23 |    24 ||    49
 Fire: Sling             |    65 |    50 |   111 |    25 ||   251
Invok: Reject Sacrifices |       |       |     1 |       ||     1
 Abil: Evoke Blink       |       |       |     1 |     1 ||     2
Evoke: Wand              |       |       |     5 |       ||     5
  Use: Scroll            |     1 |       |    10 |     1 ||    12
       Potion            |     1 |       |     4 |     5 ||    10
 Stab: Sleeping          |       |       |     2 |     4 ||     6
Armor: Robe              |    45 |    30 |       |       ||    75
       Ring mail         |       |    13 |   224 |   112 ||   349
Dodge: Dodged            |   109 |    78 |   281 |   173 ||   641
